 Dungeon Sprint DCSS version 0.32-a0-42-ga30500b4d3 (webtiles) character file.

Game seed: 14666536640540874664

43 rocky1 the Apothecary (level 3, -4/40 HPs)
             Began as a Merfolk Alchemist on Jan 29, 2024.
             Was a Priest of Sif Muna.
             Slain by a sky beast (5 damage)
             ... in the Dungeon (Sprint VII: "The Pits").
             The game lasted 00:02:23 (771 turns).

rocky1 the Apothecary (Merfolk Alchemist)            Turns: 771, Time: 00:02:24

Health: -4/40      AC:  2    Str:  8    XL:     3   Next: 58%
Magic:  0/7        EV: 13    Int: 14    God:    Sif Muna [***...]
Gold:   0          SH:  0    Dex: 16    Spells: 3/7 levels left

rFire   . . .        m - +2 long sword (flame)
rCold   . . .        (no shield)
rNeg    . . .        a - +0 robe
rPois   .            (no helmet)
rElec   .            (no cloak)
rCorr   .            (no gloves)
SInv    .            (no boots)
Will    .....        (no amulet) Stlth
                     (no ring)
HPRegen 0.26/turn    (no ring)
MPRegen 0.10/turn

%: no teleportation
@: berserking, very quick
A: (nimble swimmer 2), mertail
a: Renounce Religion, Channel Magic, Forget Spell


You were in the Dungeon.
You worshipped Sif Muna.
Sif Muna was most pleased with you.
You visited 1 branch

Inventory:

Hand Weapons
 l - a +2 falchion
 m - a +2 long sword of flaming (weapon)
Armour
 a - a +0 robe (worn)
Scrolls
 g - a scroll of blinking
 i - 2 scrolls of vulnerability
 j - 5 scrolls of amnesia
 k - a scroll of butterflies
Potions
 b - 5 potions of magic
 c - 6 potions of curing
 d - 3 potions of heal wounds
 e - a potion of haste
 f - a potion of berserk rage
 h - 2 potions of invisibility


   Skills:
 + Level 2.2 Fighting
 + Level 2.0 Long Blades
 + Level 1.2 Armour
 + Level 4.0 Dodging
 + Level 3.4 Stealth
 + Level 2.7 Spellcasting
 + Level 1.6 Conjurations
 + Level 0.2 Air Magic
 + Level 5.2 Alchemy
 + Level 2.0 Invocations


You had 3 spell levels left.
You knew the following spells:

 Your Spells              Type           Power      Damage    Failure   Level
a - Sting                 Conj/Alch      44%        1d5       5%          1
b - Mephitic Cloud        Conj/Alch/Air  8%         N/A       26%         3

Your spell library contained the following spells:

 Spells                   Type           Power      Damage    Failure   Level
 Mercury Vapours          Alch/Air       18%        N/A       11%         2
 Olgreb's Toxic Radiance  Alch           16%        N/A       26%         4
 Sticky Flame             Fire/Alch      9%         2d5       58%         4


Dungeon Overview and Level Annotations

Branches:
Dungeon (1/1)

Altars:
Ashenzari
Cheibriados
Dithmenos
Elyvilon
Fedhas
Gozag
Hepliaklqana
Kikubaaqudgha
Makhleb
Nemelex Xobeh
Okawaru
Qazlal
Ru
Sif Muna
Trog
Uskayaw
Vehumet
Wu Jian
Xom
Yredelemnul
Zin
The Shining One
Jiyva
Lugonu


Innate Abilities, Weirdness & Mutations

((You are very nimble when in or above water. (Stealth+, EV+, Speed+++)))
Your lower body shifts to a powerful aquatic tail in water.


Message History

You hit the endoplasm. You burn the endoplasm.
You kill the endoplasm!
Sif Muna accepts your kill.
You miss something. Something hits you. Something shocks you.
You miss something. Something barely misses you. Something hits you.
Something shocks you.
You miss something. Something hits you. Something shocks you.
* * * LOW HITPOINT WARNING * * *
Aiming: Sting (safe; 5% risk of failure)
Press: ? - help, Q - select action, (/) - cycle Shift-Dir - straight line, f - river rat
Aim: a river rat (68% to hit)
The sting hits something.
Something hits you but does no damage.
Unknown command.
You feel much better. Something hits you. Something shocks you.
Aiming: Sting (safe; 5% risk of failure)
Press: ? - help, Q - select action, (/) - cycle Shift-Dir - straight line, f/p - river rat
Aim: a river rat (68% to hit)
The sting hits the river rat but does no damage.
The river rat is poisoned.
A scorpion comes into view.
Something hits you. Something shocks you.
You don't have enough magic to cast this spell.
You don't have enough magic to cast this spell.
You feel much better. Something hits you. Something shocks you.
A red film seems to cover your vision as you go berserk!
You feel yourself moving faster!
You feel mighty! Something hits you. Something shocks you.
You closely miss something.
The river rat looks more healthy.
Something hits you. Something shocks you.
* * * LOW HITPOINT WARNING * * *
You barely miss something. Something hits you.
* * * LOW HITPOINT WARNING * * *
Something shocks you.
* * * LOW HITPOINT WARNING * * *
You slash something! You burn something. You barely miss something.
Something hits you.
* * * LOW HITPOINT WARNING * * *
Something shocks you.
You die...

#_________.#
#_______...#######
##########'##.....
#..(.')))'.##.....
##########.##.....
#........).)'.....
#'#####'#####.....
#.#...).#..##.....
#@#.....#))#####'#
#{###'###).##.....
#r#.รท...#))##.....
#s#.....#[[##.....
#.####'##'###...<.
#.#....)...##.....
#)#........##.....
#'###########.....
#.. ######


You could see a scorpion and a river rat.

Vanquished Creatures
  A gnoll (D)
  An adder (D)
  A river rat (D)
  4 orcs (D)
  2 endoplasms (D)
  2 kobolds (D)
  A ball python skeleton (D)
  A jackal skeleton (D)
13 creatures vanquished.

Notes
Turn   | Place    | Note
-------+----------+-------------------------------------------
     0 | D        | rocky1 the Merfolk Alchemist began the quest for the Orb.
     0 | D        | Reached XP level 1. HP: 13/13 MP: 3/3
    45 | D        | Found a bloodstained altar of Trog.
    45 | D        | Found a shimmering blue altar of Sif Muna.
    45 | D        | Found a viscous altar of Jiyva.
    45 | D        | Found a hazy altar of Hepliaklqana.
    45 | D        | Found an opulent altar of Gozag.
    46 | D        | Found a glowing golden altar of the Shining One.
    46 | D        | Found a glowing silver altar of Zin.
    46 | D        | Found a basalt altar of Yredelemnul.
    46 | D        | Found a shimmering altar of Xom.
    46 | D        | Found an ornate altar of the Wu Jian Council.
    46 | D        | Found a sacrificial altar of Ru.
    46 | D        | Found a stormy altar of Qazlal.
    46 | D        | Found an iron altar of Okawaru.
    46 | D        | Found a sparkling altar of Nemelex Xobeh.
    46 | D        | Found a burning altar of Makhleb.
    46 | D        | Found a blossoming altar of Fedhas.
    46 | D        | Found a white marble altar of Elyvilon.
    46 | D        | Found a shadowy altar of Dithmenos.
    46 | D        | Found a snail-covered altar of Cheibriados.
    50 | D        | Found a corrupted altar of Lugonu.
    50 | D        | Found a radiant altar of Vehumet.
    51 | D        | Found a broken altar of Ashenzari.
    51 | D        | Found an ancient bone altar of Kikubaaqudgha.
    51 | D        | Found a hide-covered altar of Uskayaw.
    55 | D        | Became a worshipper of Sif Muna the Loreminder
    78 | D        | Reached skill level 1 in Fighting
    78 | D        | Reached skill level 1 in Long Blades
    78 | D        | Reached skill level 1 in Conjurations
    78 | D        | Reached skill level 1 in Invocations
    78 | D        | Reached XP level 2. HP: 2/21 MP: 0/5
   370 | D        | Reached * piety under Sif Muna
   380 | D        | HP: 1/21 [river rat (6)]
   539 | D        | Reached skill level 1 in Armour
   539 | D        | Reached skill level 5 in Alchemy
   539 | D        | Reached XP level 3. HP: 23/27 MP: 2/7
   540 | D        | Reached ** piety under Sif Muna
   615 | D        | Learned a level 3 spell: Mephitic Cloud
   743 | D        | Noticed a sky beast
   757 | D        | Reached *** piety under Sif Muna
   765 | D        | Noticed a scorpion
   771 | D        | HP: 1/40 [something (5)]
   771 | D        | Slain by a sky beast

Illustrated notes

Levels and vault maps discovered:
D:        pitsprint [storerooms_1, entrance_room_1, metal_vault_5, armoury_2,
          mini_pit_1, grid_room_1, main_hall_1, silver_pit, the_coven_1,
          the_vestibule_1, steel_vault_2, golden_pit, hallway_of_sentries,
          crystal_vault_2, iron_vault_5, final_vault]

Skill      XL: |  1  2  3 |
---------------+----------+-----
Dodging        | 3 4 |  4.0
Fighting       | 1 2 |  2.2
Long Blades    | 1 2 |  2.0
Conjurations   | 1 |  1.6
Invocations    | 1 2 |  2.0
Stealth        | 3 |  3.4
Armour         | 1 |  1.2
Alchemy        | 5 |  5.2
Spellcasting   | |  2.7
Air Magic      | |  0.2

Action                     || total
---------------------------++-------
  Melee: Falchion          ||    20
         Punch             ||     1
         Long sword        ||     8
   Cast: Sting             ||    23
    Use: Potion            ||     5
 Armour: Robe              ||    27
  Dodge: Dodged            ||    14

Table legend: (Time is in decaauts)
 A = Elapsed time spent in this place.
 B = Non-inter-level travel time spent in this place.
 C = Inter-level travel time spent in this place.
 D = Time resting spent in this place.
 E = Time spent auto-exploring this place.
 F = Levels seen in this place.
 G = Mean time per level.
                   A        B        C        D        E       F      G
               +--------+--------+--------+--------+--------+-----+--------+
         Total |    788 |    770 |     18 |    581 |      0 |   1 |  788.0 |
       Dungeon |    788 |    770 |     18 |    581 |      0 |   1 |  788.0 |
               +--------+--------+--------+--------+--------+-----+--------+

Top non-repeatable levels by time:
       D: 788 daAuts
